 Dungeon Crawl Stone Soup version 0.31-a0-121-g1e386dd289 (webtiles) character file.

Game seed: 4686042077082054957

10384 Adrian566 the Severer (level 11, -10/99 HPs)
             Began as a Hill Orc Fighter on May 31, 2023.
             Was an Elder of Beogh.
             Mangled by an ettin
             ... wielding a +0 dire flail
              (30 damage)
             ... on level 2 of the Orcish Mines.
             The game lasted 00:13:43 (9203 turns).

Adrian566 the Severer (Hill Orc Fighter)            Turns: 9203, Time: 00:13:44

Health: -10/99     AC: 16    Str: 24    XL:     11   Next: 61%
Magic:  20/20      EV:  9    Int: 10    God:    Beogh [****..]
Gold:   1457       SH: 10    Dex: 14    Spells: 10/10 levels left

rFire   . . .        a - +1 war axe (flame)
rCold   x . .        D - +0 kite shield
rNeg    . . .        q - +2 chain mail {rPois}
rPois   +            g - +0 helmet
rElec   +            y - +0 cloak
rCorr   +            (no gloves)
SInv    +            (no boots)
Will    .....        v - amulet of Fycku {rC- Regen+ Slay+4} Stlth
                     J - ring "Zawatt" {rElec rCorr Int+2}
HPRegen 1.16/turn    B - ring "Boewnini" {rCorr MP+9 Dex+4 SInv}
MPRegen 0.17/turn

%: no passive effects
@: invisible
A: no striking features
a: Renounce Religion, Smiting, Recall Orcish Followers


You were on level 2 of the Orcish Mines.
You worshipped Beogh.
Beogh was greatly pleased with you.
You visited 3 branches of the dungeon, and saw 13 of its levels.
You also visited: Sewer.

You collected 1457 gold pieces.

Inventory:

Hand Weapons
 a - a +1 war axe of flaming (weapon)
Missiles
 F - 2 throwing nets (quivered)
Armour
 g - a +0 helmet (worn)
 q - a +2 chain mail of poison resistance (worn)
 y - a +0 cloak (worn)
 z - a +0 plate armour
 D - a +0 kite shield (worn)
Jewellery
 e - a ring of protection from fire
 r - a ring of wizardry
 v - the amulet of Fycku (around neck) {rC- Regen+ Slay+4}
   (You found it on level 4 of the Dungeon)

   [amulet of regeneration]

   Slay:      It affects your accuracy & damage with ranged weapons and melee
   (+4).
   rC:        It makes you vulnerable to cold.
   Regen:     It increases your rate of health regeneration.
 x - an amulet of guardian spirit
 B - the ring "Boewnini" (right hand) {rCorr MP+9 Dex+4 SInv}
   (You found it on level 7 of the Dungeon)

   [ring of resist corrosion]

   Dex:       It affects your dexterity (+4).
   MP:        It affects your magic capacity (+9).
   SInv:      It lets you see invisible.
   rCorr:     It protects you from acid and corrosion.
 J - the ring "Zawatt" (left hand) {rElec rCorr Int+2}
   (You found it on level 8 of the Dungeon)

   [ring of resist corrosion]

   Int:       It affects your intelligence (+2).
   rElec:     It insulates you from electricity.
   rCorr:     It protects you from acid and corrosion.
Wands
 t - a wand of flame (30)
 C - a wand of polymorph (5)
 E - a wand of light (10)
 H - a wand of paralysis (6)
 K - a wand of iceblast (5)
Scrolls
 c - a scroll of vulnerability
 i - a scroll of immolation
 k - 2 scrolls of fog
 o - 2 scrolls of fear
 s - a scroll of enchant armour
 A - a scroll of noise
 I - a scroll of silence
Potions
 d - 3 potions of might
 f - 5 potions of curing
 m - 3 potions of haste
 n - 2 potions of heal wounds
 p - 3 potions of magic
 u - 3 potions of mutation
 w - 10 potions of degeneration
 G - a potion of berserk rage


   Skills:
 + Level 10.0 Fighting
 + Level 15.6 Axes
 + Level 9.5 Armour
 + Level 2.9 Dodging
 + Level 2.2 Stealth
 + Level 6.9 Shields


You had 10 spell levels left.
You didn't know any spells.
Your spell library contained the following spells:

 Spells                   Type           Power      Damage    Failure   Level
 Magic Dart               Conj           0%         1d3       97%         1
 Summon Small Mammal      Summ           0%         N/A       97%         1
 Searing Ray              Conj           0%         2d4       99%         2
 Sublimation of Blood     Necr           0%         N/A       99%         2
 Call Canine Familiar     Summ           0%         N/A       100%        3
 Summon Guardian Golem    Hex/Summ       0%         N/A       100%        3
 Fulminant Prism          Conj/Hex       0%         3d5       100%        4
 Petrify                  Tmut/Erth      0%         N/A       100%        4
 Irradiate                Conj/Tmut      0%         3d11      100%        5


Dungeon Overview and Level Annotations

Branches:
Dungeon (10/15)            Temple (1/1) D:6            Lair (0/5) D:10
    Orc (2/2) D:10          Sewer (visited)
    Elf: Orc:2

Altars:
Ashenzari
Cheibriados
Dithmenos
Elyvilon
Fedhas
Gozag
Hepliaklqana
Kikubaaqudgha
Makhleb
Nemelex Xobeh
Okawaru
Qazlal
Ru
Sif Muna
Trog
Uskayaw
Vehumet
Wu Jian
Xom
Yredelemnul
Zin
The Shining One

Shops:
D:9 (   Orc:1 *

Annotations:
D:9 4 transporters


Message History

The orc warrior is moderately wounded.
Your orc barely misses the orc warrior.
You block the orc warrior's attack.
Your orc hits the orc warrior with a +0 war axe.
You hit the orc warrior but do no damage.
The orc warrior is heavily wounded.
Your orc hits the orc warrior but does no damage.
Your orc barely misses the orc warrior.
You block the orc warrior's attack.
Your orc hits the orc warrior with a +0 war axe.
Your orc priest barely misses the ettin.
You catch the helpless orc warrior completely off-guard!
You hit the orc warrior. You burn the orc warrior.
The orc warrior is almost dead.
You hit the ettin. You burn the ettin.
Your orc barely misses the orc warrior.
Your orc closely misses the orc warrior.
The orc warrior closely misses you.
The ettin hits you with a +0 dire flail!!
The ettin hits you with a +0 dire flail!!!
Your orc priest barely misses the ettin.
Unknown command.
You are too injured to fight recklessly!
Unknown command.
You are too injured to fight recklessly!
Unknown command.
You feel much better.
A warg comes into view.
Your orc hits the orc warrior but does no damage.
Your orc barely misses the orc warrior.
You block the orc warrior's attack. You block the ettin's attack.
The ettin hits you with a +0 dire flail!
Your orc completely misses the orc warrior.
You fade into invisibility!
Your neqoxec hits the ettin.
Your smoke demon gestures at the orc warrior.
The orc warrior is smitten.
The orc warrior dies!
Beogh accepts your kill.
The ettin hits you with a +0 dire flail!!
* * * LOW HITPOINT WARNING * * *
The ettin hits you with a +0 dire flail!!
You die...

#...#.## #......#
#####.#...#
#######ooo..o#.##
#...##oo#####..##
#...#..## ##..###
#..o#o## ##o3.# .o†o.o#
+oo3### ...o..# #.@C..#
o.#...# #ooo..# o.##..##
#......... o.##...##
.........#
#####...#####..##....###
o##.#.........# .....#
.##...........# ...###
.o#............ ....
..o.....#.#....


You could see an ettin (unable to see you, ally target), a friendly smoke demon
(summoned), a friendly neqoxec (summoned), the friendly Boghold the orc
sorcerer, 2 friendly orc warriors, a friendly orc priest and 3 friendly orcs.

Vanquished Creatures
  A two-headed ogre (D:9)
  The ghost of holysushi the Carver, a novice MeMo of Qazlal (D:7)
  A cyclops (Orc:1)
  Maggie (D:7)
  A kobold demonologist (D:10)
  A komodo dragon (D:8)
  A troll (D:9)
  A polar bear (D:10)
  Grinder (D:4)
  Sigmund (D:4)
  2 wyverns
  7 yaks (D:10)
  A wraith (D:10)
  A warg (Orc:2)
  2 acid dragons
  3 water moccasins
  8 ice beasts (D:10)
  Pargi (Sewer)
  An orc warrior (D:6)
  A black bear (D:6)
  5 ogres
  4 wolves (D:10)
  2 centaurs
  The ghost of Sans23 the Insei, an amateur HuWn (D:3)
  A kobold brigand (D:10)
  A gnoll sergeant (D:8)
  2 bullfrogs
  3 scorpions
  4 wights (D:9)
  3 killer bees (D:9)
  A howler monkey (D:7)
  A vampire bat (D:5)
  3 jellies
  7 orc priests
  2 gnoll boudas (D:9)
  Crazy Yiuf (D:5)
  3 sleepcaps
  Terence (D:2)
  6 iguanas
  7 orc wizards
  19 gnolls
  12 adders
  A shadow imp (D:8)
  6 white imps
  An ufetubus (D:5)
  2 dart slugs
  3 fire bats (D:5)
  2 worms
  25 orcs
  2 spectral bats (D:5)
  3 bat skeletons (D:5)
  A bat zombie (D:5)
  6 endoplasms
  A giant cockroach (D:1)
  10 goblins
  6 hobgoblins
  7 jackals (D:1)
  7 quokkas
  16 ball pythons
  11 bats
  A bat simulacrum (D:5)
  12 frilled lizards
  4 kobolds
  10 rats
263 creatures vanquished.

Vanquished Creatures (collateral kills)
  A rime drake (D:10)
  5 yaks (D:10)
  3 orc warriors
  A swamp drake (D:10)
  2 ogres
  5 orc priests
  3 orc wizards
  7 orcs
  A kobold (D:10)
28 creatures vanquished.

Vanquished Creatures (others)
  An orc priest (Orc:1)
  An iguana (D:5)
  An orc wizard (D:10)
  8 orcs
  A kobold (D:10)
12 creatures vanquished.

Grand Total: 303 creatures vanquished

Notes
Turn   | Place    | Note
-------+----------+-------------------------------------------
     0 | D:1      | Adrian566 the Hill Orc Fighter began the quest for the Orb.
     0 | D:1      | Reached XP level 1. HP: 19/19 MP: 1/1
    46 | D:1      | Reached XP level 2. HP: 27/27 MP: 2/2
    54 | D:1      | Reached skill level 3 in Axes
   230 | D:1      | Reached XP level 3. HP: 33/33 MP: 3/3
   660 | D:2      | Noticed Terence
   675 | D:2      | Reached skill level 4 in Axes
   680 | D:2      | Killed Terence
   681 | D:2      | Reached XP level 4. HP: 27/41 MP: 4/4
  1213 | D:3      | Found a runed translucent gate.
  1213 | D:3      | Found a runed translucent gate.
  1213 | D:3      | Found a runed translucent gate.
  1260 | D:3      | Found an opulent altar of Gozag.
  1273 | D:3      | Found a shadowy altar of Dithmenos.
  1314 | D:3      | Reached XP level 5. HP: 47/47 MP: 5/5
  1371 | D:3      | Found a hide-covered altar of Uskayaw.
  1546 | D:3      | Noticed Sans23's ghost (amateur HuWn)
  1557 | D:3      | Killed Sans23's ghost
  1558 | D:3      | Reached skill level 5 in Axes
  1777 | D:4      | Noticed Sigmund
  1785 | D:4      | Killed Sigmund
  1786 | D:4      | Reached skill level 6 in Axes
  1786 | D:4      | Reached XP level 6. HP: 47/55 MP: 6/6
  1839 | D:4      | Reached skill level 5 in Fighting
  1839 | D:4      | Reached skill level 7 in Axes
  1839 | D:4      | Reached skill level 5 in Armour
  1839 | D:4      | Reached XP level 7. HP: 61/61 MP: 7/7
  1955 | D:4      | Noticed Grinder
  1966 | D:4      | Killed Grinder
  1967 | D:4      | Reached skill level 8 in Axes
  1994 | D:4      | Identified the amulet of Fycku {rC- Regen+ Slay+4}
  2140 | D:4      | Found a hazy altar of Hepliaklqana.
  2200 | D:4      | Found an iron altar of Okawaru.
  2297 | D:4      | Found a sparkling altar of Nemelex Xobeh.
  2441 | D:5      | Entered Level 5 of the Dungeon
  2690 | D:5      | Found a runed translucent door.
  2691 | D:5      | Noticed Crazy Yiuf
  2775 | D:5      | Reached XP level 8. HP: 69/69 MP: 8/8
  2846 | D:5      | Became a worshipper of Beogh the Brigand
  2856 | D:5      | Reached skill level 9 in Axes
  3188 | D:5      | Killed Crazy Yiuf
  3293 | D:6      | Reached skill level 1 in Dodging
  3295 | D:6      | Reached skill level 10 in Axes
  3372 | D:6      | Found a staircase to the Ecumenical Temple.
  3456 | D:6      | Found a glowing drain.
  3462 | Sewer    | Entered a sewer
  3482 | Sewer    | Reached * piety under Beogh
  3494 | Sewer    | Noticed Pargi
  3511 | Sewer    | Killed Pargi
  4016 | D:6      | Reached skill level 5 in Shields
  4016 | D:6      | Reached XP level 9. HP: 78/78 MP: 9/9
  4243 | D:6      | Found a broken altar of Ashenzari.
  4246 | D:6      | Reached skill level 11 in Axes
  4681 | Temple   | Entered the Ecumenical Temple
  5021 | D:7      | Noticed Maggie
  5031 | D:7      | Killed Maggie
  5079 | D:7      | Found a runed translucent door.
  5079 | D:7      | Noticed holysushi's ghost (novice MeMo)
  5258 | D:7      | Identified the ring "Boewnini" {rCorr MP+9 Dex+4 SInv}
  5408 | D:7      | Killed holysushi's ghost
  5409 | D:7      | Reached skill level 12 in Axes
  5474 | D:8      | Reached XP level 10. HP: 88/88 MP: 10/10
  5748 | D:8      | Reached ** piety under Beogh
  6255 | D:8      | Reached skill level 13 in Axes
  6334 | D:8      | You fall into a shaft and drop 1 floor!
  6334 | D:9      | Found a transporter.
  6334 | D:9      | Found a transporter.
  6385 | D:9      | Found a transporter.
  6447 | D:9      | Found a transporter.
  6484 | D:9      | Reached *** piety under Beogh
  6709 | D:9      | Found Assue's Weapon Emporium.
  6764 | D:9      | Noticed a two-headed ogre
  6773 | D:9      | Killed a two-headed ogre
  6841 | D:9      | Found an ornate altar of the Wu Jian Council.
  6841 | D:9      | Found a burning altar of Makhleb.
  6850 | D:9      | Found a white marble altar of Elyvilon.
  6852 | D:9      | Found a glowing golden altar of the Shining One.
  6854 | D:9      | Found a shimmering blue altar of Sif Muna.
  7140 | D:8      | Reached skill level 1 in Stealth
  7146 | D:8      | Identified the ring "Zawatt" {rElec rCorr Int+2}
  7493 | D:10     | Entered Level 10 of the Dungeon
  7540 | D:10     | Noticed a kobold demonologist
  7545 | D:10     | Noticed an orange demon
  7546 | D:10     | Reached skill level 14 in Axes
  7558 | D:10     | Reached XP level 11. HP: 97/97 MP: 11/11
  7641 | D:10     | Reached skill level 15 in Axes
  7791 | D:10     | Reached **** piety under Beogh
  7926 | D:10     | Found a staircase to the Lair.
  7931 | D:10     | Gained Boghold as an ally
  8197 | D:10     | Found a staircase to the Orcish Mines.
  8453 | Orc:1    | Entered Level 1 of the Orcish Mines
  8494 | Orc:1    | Noticed a cyclops
  8495 | Orc:1    | Noticed an orc sorcerer
  8505 | Orc:1    | Killed a cyclops
  8519 | Orc:1    | Found Xicyiq's Overcharged Wands.
  9092 | Orc:2    | Entered Level 2 of the Orcish Mines
  9100 | Orc:2    | Reached skill level 10 in Fighting
  9196 | Orc:2    | Noticed an ettin
  9203 | Orc:2    | Mangled by an ettin

Illustrated notes

Levels and vault maps discovered:
D:1:      minmay_arrival_up_and_down, layout_rooms, glass_columns_b,
          dk_noncrumbling_3
D:2:      layout_rooms, uniq_terence
D:3:      layout_rooms, grunt_dithmenos_smoke_and_mirrors,
          mainiacjoe_overflow_chevrons, ebering_ghost_gozag,
          serial_park_tiny_pond
D:4:      layout_gridville, okawaru_altar_gauntlet_db,
          worldfamousw_hep_ancestral_shrine, nemelex_diamond_rough_becter,
          grunt_decor_clamped, minmay_misc_feat_secret_circle, uniq_sigmund,
          uniq_grinder
D:5:      layout_gridville, goddamned_bats, uniq_crazy_yiuf_cottage
D:6:      layout_cave_pods, evilmike_ruin_ashenzari, minmay_temple_entry_grid,
          gup_sewer_entry_bubbles
D:7:      layout_basic, gammafunk_ghost_grave, uniq_maggie
D:8:      layout_loops_corners, minmay_liquid_box, minmay_lizard_king
D:9:      layout_roguey, chequers_temple_overflow_minitemple, serial_shops,
          shop, nicolae_transporter_circle
D:10:     layout_long_grid, hellmonk_lair_entry_icy, erik_orc_1
Temple:   nicolae_temple_bog_church
Orc:1:    minmay_goldmine, layout_caves, portal_ice_cave_entry_pillars_2,
          nicolae_shop_overcharged_wands
Orc:2:    grunt_orc_community_town_hall, layout_diamond_mine,
          grunt_orc_community_big_house_2, grunt_orc_community_big_house_1,
          grunt_orc_community_house_2, grunt_orc_community_house_1,
          grunt_orc_community_house_1, grunt_orc_community_house_3,
          gammafunk_ghost_cemetery

Skill      XL: |  1  2  3  4  5  6  7  8  9 10 11 |
---------------+----------------------------------+-----
Axes           | 3 4 6 7 8 10 12 14 15 | 15.6
Fighting       | 4 5 6 7 9 10 | 10.0
Armour         | 4 5 6 7 8 9 |  9.5
Shields        | 4 5 6 |  6.9
Dodging        | 1 2 |  2.9
Stealth        | 1 2 |  2.2

Action                     |  1- 3 |  4- 6 |  7- 9 | 10-12 || total
---------------------------+-------+-------+-------+-------++-------
  Melee: War axe           |    95 |    94 |   299 |   273 ||   761
 Invoke: Convert to Beogh  |       |       |     1 |       ||     1
         Recall Orcish Fol |       |       |       |     2 ||     2
    Use: Scroll            |       |       |    18 |    14 ||    32
         Potion            |       |       |     2 |     2 ||     4
   Stab: Distracted        |       |       |       |     4 ||     4
         Confused          |       |       |       |     1 ||     1
 Armour: Scale mail        |    50 |    17 |       |       ||    67
         Chain mail        |       |    36 |   203 |    85 ||   324
  Dodge: Dodged            |    57 |    40 |   138 |    81 ||   316
  Block: Buckler           |    36 |    16 |    76 |       ||   128
         Kite shield       |       |       |       |   123 ||   123

Table legend: (Time is in decaauts)
 A = Elapsed time spent in this place.
 B = Non-inter-level travel time spent in this place.
 C = Inter-level travel time spent in this place.
 D = Time resting spent in this place.
 E = Time spent auto-exploring this place.
 F = Levels seen in this place.
 G = Mean time per level.
                   A        B        C        D        E       F      G
               +--------+--------+--------+--------+--------+-----+--------+
         Total |   9336 |   8880 |    456 |    670 |   6402 |  14 |  666.9 |
       Dungeon |   8141 |   7725 |    416 |    651 |   5559 |  10 |  814.1 |
        Temple |    201 |    191 |     10 |      0 |    182 |   1 |  201.0 |
  Orcish Mines |    744 |    714 |     30 |     19 |    521 |   2 |  372.0 |
         Sewer |    248 |    248 |      0 |      0 |    139 |   1 |  248.0 |
               +--------+--------+--------+--------+--------+-----+--------+

Top non-repeatable levels by time:
     D:8: 1307 daAuts
     D:6: 1284 daAuts
    D:10: 918 daAuts
     D:5: 808 daAuts
     D:4: 783 daAuts
     D:9: 777 daAuts
     D:2: 674 daAuts
   Orc:1: 635 daAuts
     D:1: 581 daAuts
     D:7: 540 daAuts
     D:3: 465 daAuts
   Sewer: 248 daAuts
  Temple: 201 daAuts
   Orc:2: 109 daAuts
